 Dungeon Crawl Stone Soup version 0.29.0-4-gdea44cf6ec (webtiles) character file.

Game seed: 14678846570698394225

4592 qw the Cleaver (level 10, -16/76 HPs)
             Began as a Demonspawn Cinder Acolyte on Sept 8, 2022.
             Was a Follower of Ignis.
             Demolished by a two-headed ogre
             ... wielding a +0 giant spiked club
              (33 damage)
             ... on level 8 of the Dungeon.
             The game lasted 00:03:54 (9487 turns).

qw the Cleaver (Demonspawn Cinder Acolyte)          Turns: 9487, Time: 00:03:55

Health: -16/76     AC: 23    Str: 24    XL:     10   Next: 18%
Magic:  11/11      EV:  9    Int: 15    God:    Ignis [*.....]
Gold:   115        SH:  9    Dex: 10    Spells: 11/11 levels left

rFire   + . .      SeeInvis .   l - +4 war axe (venom)
rCold   . . .      Faith    .   r - +0 kite shield
rNeg    . . .      Spirit   .   c - +5 scale mail of the Lair of Beasts {Will+ Str+6}
rPois   .          Reflect  .   (helmet restricted)
rElec   .          Harm     .   p - +0 cloak
rCorr   .          Rampage  .   (no gloves)
Will    +....                   n - +1 pair of boots
Stlth   ..........              (no amulet)
HPRegen 0.22/turn               (no ring)
MPRegen 0.24/turn               (no ring)

@: fiery-armoured
A: antennae 1, claws 2, hooves 1, ignite blood 1, magic regeneration, iridescent
scales 1, deterioration 1
a: Renounce Religion, Fiery Armour, Foxfire Swarm, Rising Flame


You were on level 8 of the Dungeon.
You worshipped Ignis.
Ignis was aware of your devotion.
You visited 1 branch of the dungeon, and saw 8 of its levels.

You collected 395 gold pieces.
You spent 280 gold pieces at shops.


Innate Abilities, Weirdness & Mutations

You have a pair of small antennae on your head.
You have very sharp fingernails.
You have large cloven feet.
Your demonic aura sometimes causes spilled blood to erupt in flames.
You regenerate magic rapidly.
You are partially covered in iridescent scales. (AC +2)
Your body sometimes deteriorates upon taking damage.


   Skills:
 - Level 6.0 Fighting
 - Level 10.0 Axes
 - Level 3.1 Throwing
 + Level 2.0 Armour
 - Level 2.2 Dodging
 - Level 7.0 Shields
 - Level 1.0 Spellcasting
 - Level 2.6 Fire Magic


You had 11 spell levels left.
You didn't know any spells.
Your spell library contained the following spells:

 Spells                   Type           Power      Damage    Failure   Level
 Scorch                   Fire           16%        2d6       61%         2

Inventory:

Hand Weapons
 e - a +0 morningstar
 l - a +4 war axe of venom (weapon)
Missiles
 g - 4 boomerangs (quivered)
Armour
 c - the +5 scale mail of the Lair of Beasts (worn) {Will+ Str+6}
   (You acquired it on level 1 of the Dungeon)

   Str:       It affects your strength (+6).
   Will:      It increases your willpower.
 n - a +1 pair of boots (worn)
 p - a +0 cloak (worn)
 r - a +0 kite shield (worn)
Scrolls
 h - a scroll of identify
Potions
 a - 2 potions of curing
 b - a potion of might
 d - a potion of haste
 i - a potion of mutation
 j - a potion of cancellation
 k - 2 potions of resistance
 t - a potion of magic {unknown}

Dungeon Overview and Level Annotations

Branches:
Dungeon (8/15)             Temple (0/1) D:5            Lair (0/5) D:8

Altars:

Shops:
D:7 ?[

Portals:
Bailey: D:8


Message History

9327 ||| FLEEEEING.
Found a staircase to the Lair.
9329 ||| FLEEEEING.
There is a stone staircase leading up here.
9330 ||| STAIRDANCE You climb upwards.
There is a stone staircase leading down here.
Enter note: You start resting.
HP restored.
Done exploring.
(D) Dungeon (T) Temple (L) Lair
Where to? (* - list waypoints, Enter - D:8, ? - help)
What level of the Dungeon? (default 1, ? - help)
You climb downwards.
You hear the roar of battle.
There is an entrance to a bailey on this level.
Hurry and find it before the portal closes forever!
You hear the quick creaking of a portcullis.
You block the two-headed ogre's attack.
The two-headed ogre hits you with a +0 giant club!
There is a stone staircase leading up, spattered with blood here.
You barely miss the two-headed ogre. You block the two-headed ogre's attack.
The two-headed ogre hits you with a +0 giant club!
You barely miss the two-headed ogre.
The two-headed ogre hits you with a +0 giant spiked club!!
The two-headed ogre barely misses you.
9485 ||| INVOKING Fiery Armour.
A protective cloak of flame settles atop you.
You barely miss the two-headed ogre.
The two-headed ogre is engulfed in blazing flames.
The two-headed ogre hits you with a +0 giant spiked club!
The two-headed ogre hits you with a +0 giant club.
The two-headed ogre is burned by your cloak of flames.
The two-headed ogre is moderately wounded.
You slash the two-headed ogre!
The two-headed ogre looks as sick as possible!
The two-headed ogre is heavily wounded.
The two-headed ogre is engulfed in blazing flames.
The two-headed ogre hits you with a +0 giant spiked club!!
You die...

......... ......... #
......... ..##
#........ ....##
##........
.......###.\.....#
#........#..[....#
..##.......O...[)..##
#.. #.......@...).##
#.# #..........###
##.# #.........##
###..#####........##
......##.........##
......#.........##
...............##
##.......<<...##
###.........########


You could see a two-headed ogre (extremely poisoned).

Vanquished Creatures
  Pikel (D:7)
  A troll (D:5)
  Prince Ribbit (D:7)
  A yak (D:5)
  A steam dragon (D:7)
  Menkaure (D:5)
  A water moccasin (D:8)
  3 orc warriors
  2 ice beasts (D:5)
  2 black bears (D:5)
  A sky beast (D:7)
  3 ogres
  6 centaurs
  2 lemures (D:7)
  2 phantoms (D:5)
  A bullfrog (D:7)
  A necrophage (D:5)
  A gnoll sergeant (D:5)
  2 scorpions (D:4)
  4 wights (D:7)
  A howler monkey (D:5)
  6 hounds
  9 orc priests
  A gnoll bouda (D:5)
  4 jellies
  4 iguanas
  6 orc wizards
  3 gnolls (D:4)
  11 adders
  A shadow imp (D:5)
  2 white imps
  2 ufetubi (D:5)
  A worm (D:5)
  4 dart slugs
  57 orcs
  10 endoplasms
  9 goblins
  6 hobgoblins
  3 jackals
  5 quokkas
  7 ball pythons
  3 bats
  5 frilled lizards
  7 kobolds
  3 rats (D:1)
207 creatures vanquished.

Vanquished Creatures (others)
  A fungus (D:1)
  10 plants (D:4)
11 creatures vanquished.

Grand Total: 218 creatures vanquished

Notes
Turn   | Place    | Note
-------+----------+-------------------------------------------
     0 | D:1      | qw the Demonspawn Cinder Acolyte began the quest for the
                  | Orb.
     0 | D:1      | Reached XP level 1. HP: 18/18 MP: 2/2
     0 | D:1      | 0 ||| qw: Version: 0.1-a-112-g44dc6cd
     0 | D:1      | 0 ||| qw: Game counter: 6848
     0 | D:1      | 0 ||| qw: Always use a shield: true
     0 | D:1      | 0 ||| qw: God list: Okawaru
     0 | D:1      | 0 ||| qw: Allow faded altars: false
     0 | D:1      | 0 ||| qw: Do Orc after D:15 true
     0 | D:1      | 0 ||| qw: Do second Lair branch before Depths: true
     0 | D:1      | 0 ||| qw: Lair rune preference: random
     0 | D:1      | 0 ||| qw: Plans: Normal
     0 | D:1      | 0 ||| PLANNING D:1-11
   267 | D:1      | Reached skill level 3 in Axes
   434 | D:1      | Gained mutation: You regenerate magic rapidly. [demonic
                  | ancestry]
   434 | D:1      | Reached XP level 2. HP: 24/24 MP: 3/3
   580 | D:1      | Found a faded altar of an unknown god.
   948 | D:1      | 948 ||| UPGRADING to +0 chain mail.
   958 | D:1      | 958 ||| DROPPING +0 robe.
   959 | D:1      | 959 ||| READING 2 scrolls labelled HUXEHE REUS.
   960 | D:1      | 960 ||| READING scroll labelled GOULEU PAUM WUIRI.
   961 | D:1      | 961 ||| READING scroll labelled BIOXEE DA NOYSS.
   982 | D:1      | 982 ||| READING scroll labelled ORECZO LICECOT.
   983 | D:1      | 983 ||| READING 2 scrolls labelled HOGOM UNYHUAFYZEO.
   984 | D:1      | 984 ||| READING scroll labelled EFOXYFIEGO.
   985 | D:1      | 985 ||| READING scroll labelled EXZAYTH VISUEM.
   985 | D:1      | Identified a scroll of acquirement
   985 | D:1      | 985 ||| ACQUIRING +5 scale mail of the Lair of Beasts
                  | {Will+ Str+6}
   985 | D:1      | Acquired the +5 scale mail of the Lair of Beasts {Will+
                  | Str+6}
   987 | D:1      | 987 ||| UPGRADING to +5 scale mail of the Lair of Beasts
                  | {Will+ Str+6}.
   997 | D:1      | 997 ||| DROPPING +0 chain mail.
   998 | D:1      | 998 ||| DROPPING scroll of blinking.
  1023 | D:2      | 1023 ||| STAIRDANCE
  1063 | D:2      | Discovered your monstrous ancestry.
  1063 | D:2      | Gained mutation: You have a pair of small antennae on your
                  | head. [demonic ancestry]
  1063 | D:2      | Reached XP level 3. HP: 20/20 MP: 4/4
  1233 | D:2      | 1233 ||| INVOKING Fiery Armour.
  1235 | D:2      | Reached skill level 4 in Axes
  1237 | D:2      | 1237 ||| FLEEEEING.
  1238 | D:2      | 1238 ||| FLEEEEING.
  1239 | D:2      | 1239 ||| FLEEEEING.
  1240 | D:2      | 1240 ||| FLEEEEING.
  1390 | D:2      | 1390 ||| DROPPING +0 club.
  1428 | D:2      | Reached skill level 1 in Armour
  2110 | D:2      | 2110 ||| READING scroll labelled METYZ DEJIEGRUNK.
  2111 | D:2      | 2111 ||| READING scroll labelled QYANUR DEARO.
  2112 | D:2      | 2112 ||| DRINKING 2 purple potions.
  2150 | D:3      | Reached XP level 4. HP: 31/32 MP: 5/5
  2272 | D:3      | Reached skill level 1 in Dodging
  2309 | D:3      | 2309 ||| DROPPING +0 mace.
  2550 | D:3      | Identified the +8 short sword of the Pariah {drain, rF+
                  | rN++ Str-2 Int+3}
  2595 | D:3      | Gained mutation: You have large cloven feet. [demonic
                  | ancestry]
  2595 | D:3      | Reached XP level 5. HP: 41/41 MP: 6/6
  2604 | D:3      | 2604 ||| Stepping ~*~*~tactically~*~*~ (stealth).
  2605 | D:3      | 2605 ||| Stepping ~*~*~tactically~*~*~ (stealth).
  2606 | D:3      | 2606 ||| Stepping ~*~*~tactically~*~*~ (stealth).
  2754 | D:3      | 2754 ||| READING scroll labelled TENONU COELOME.
  2855 | D:3      | 2855 ||| READING 2 scrolls of identify.
  2855 | D:3      | 2855 ||| IDENTIFYING black potion
  2876 | D:4      | Reached skill level 5 in Axes
  3005 | D:4      | 3005 ||| Stepping ~*~*~tactically~*~*~ (stealth).
  3021 | D:4      | 3021 ||| Stepping ~*~*~tactically~*~*~ (stealth).
  3023 | D:4      | 3023 ||| Stepping ~*~*~tactically~*~*~ (stealth).
  3024 | D:4      | 3024 ||| INVOKING Fiery Armour.
  3185 | D:4      | 3185 ||| INVOKING Fiery Armour.
  3186 | D:4      | Reached XP level 6. HP: 20/47 MP: 7/7
  3710 | D:4      | 3710 ||| Stepping ~*~*~tactically~*~*~ (stealth).
  3723 | D:4      | 3723 ||| Stepping ~*~*~tactically~*~*~ (stealth).
  3801 | D:4      | Reached skill level 6 in Axes
  3803 | D:4      | 3803 ||| Stepping ~*~*~tactically~*~*~ (stealth).
  3805 | D:4      | 3805 ||| Stepping ~*~*~tactically~*~*~ (stealth).
  3808 | D:4      | 3808 ||| Stepping ~*~*~tactically~*~*~ (hiding).
  3874 | D:4      | 3874 ||| Stepping ~*~*~tactically~*~*~ (water).
  3958 | D:4      | 3958 ||| Stepping ~*~*~tactically~*~*~ (stealth).
  3963 | D:4      | 3963 ||| Stepping ~*~*~tactically~*~*~ (hiding).
  3978 | D:4      | 3978 ||| Stepping ~*~*~tactically~*~*~ (stealth).
  3979 | D:4      | 3979 ||| Stepping ~*~*~tactically~*~*~ (stealth).
  4140 | D:4      | 4140 ||| Stepping ~*~*~tactically~*~*~ (hiding).
  4295 | D:4      | 4295 ||| UPGRADING to +0 pair of boots.
  4300 | D:4      | 4300 ||| READING scroll labelled USMIXZI IDOBO.
  4301 | D:4      | 4301 ||| READING scroll labelled GUEMAU WONIZA.
  4302 | D:4      | 4302 ||| DRINKING 2 murky ruby potions.
  4302 | D:4      | Gained mutation: Your body sometimes deteriorates upon
                  | taking damage. [potion of mutation]
  4302 | D:4      | Gained mutation: You are partially covered in iridescent
                  | scales. (AC +2) [potion of mutation]
  4303 | D:4      | 4303 ||| READING 2 scrolls of identify.
  4303 | D:4      | 4303 ||| IDENTIFYING sedimented dark potion
  4318 | D:5      | Entered Level 5 of the Dungeon
  4318 | D:5      | Noticed an ice beast
  4318 | D:5      | Noticed Menkaure
  4319 | D:5      | 4319 ||| INVOKING Fiery Armour.
  4323 | D:5      | Noticed an orc warrior
  4324 | D:5      | Killed an ice beast
  4327 | D:5      | Gained mutation: You have sharp fingernails. [demonic
                  | ancestry]
  4327 | D:5      | Reached XP level 7. HP: 54/54 MP: 8/8
  4336 | D:5      | Killed Menkaure
  4337 | D:5      | Reached skill level 7 in Axes
  4337 | D:5      | 4337 ||| Stepping ~*~*~tactically~*~*~ (stealth).
  4340 | D:5      | 4340 ||| FLEEEEING.
  4341 | D:5      | 4341 ||| STAIRDANCE
  4542 | D:5      | 4542 ||| STAIRDANCE
  4555 | D:4      | 4555 ||| INVOKING Fiery Armour.
  4737 | D:5      | 4737 ||| STAIRDANCE
  4839 | D:5      | 4839 ||| Stepping ~*~*~tactically~*~*~ (stealth).
  4853 | D:5      | Reached skill level 8 in Axes
  4895 | D:5      | 4895 ||| Stepping ~*~*~tactically~*~*~ (stealth).
  4914 | D:5      | 4914 ||| Stepping ~*~*~tactically~*~*~ (stealth).
  4930 | D:5      | Noticed a troll
  4931 | D:5      | 4931 ||| INVOKING Fiery Armour.
  4937 | D:5      | 4937 ||| FLEEEEING.
  4938 | D:5      | 4938 ||| FLEEEEING.
  4940 | D:5      | 4940 ||| FLEEEEING.
  4941 | D:5      | 4941 ||| FLEEEEING.
  4946 | D:5      | Killed a troll
  4947 | D:5      | Reached skill level 3 in Throwing
  4947 | D:5      | Gained mutation: Your demonic aura sometimes causes spilled
                  | blood to erupt in flames. [demonic ancestry]
  4947 | D:5      | Reached XP level 8. HP: 39/60 MP: 9/9
  4947 | D:5      | 4947 ||| FLEEEEING.
  4948 | D:5      | 4948 ||| FLEEEEING.
  4949 | D:5      | 4949 ||| FLEEEEING.
  4950 | D:5      | 4950 ||| FLEEEEING.
  4952 | D:5      | 4952 ||| STAIRDANCE
  5047 | D:4      | 5047 ||| READING scroll labelled ORAROS BEIMO.
  5501 | D:5      | 5501 ||| FLEEEEING.
  5585 | D:5      | 5585 ||| Stepping ~*~*~tactically~*~*~ (stealth).
  5587 | D:5      | 5587 ||| INVOKING Fiery Armour.
  5600 | D:5      | Reached skill level 9 in Axes
  5633 | D:5      | Found a staircase to the Ecumenical Temple.
  5652 | D:5      | 5652 ||| Stepping ~*~*~tactically~*~*~ (hiding).
  5729 | D:5      | Reached XP level 9. HP: 68/68 MP: 10/10
  6005 | D:5      | 6005 ||| Stepping ~*~*~tactically~*~*~ (hiding).
  6018 | D:5      | Reached skill level 6 in Fighting
  6065 | D:5      | 6065 ||| Stepping ~*~*~tactically~*~*~ (stealth).
  6095 | D:5      | 6095 ||| Stepping ~*~*~tactically~*~*~ (stealth).
  6118 | D:5      | 6118 ||| Stepping ~*~*~tactically~*~*~ (stealth).
  6119 | D:5      | 6119 ||| Stepping ~*~*~tactically~*~*~ (stealth).
  6121 | D:5      | 6121 ||| INVOKING Fiery Armour.
  6311 | D:5      | 6311 ||| UPGRADING to +0 kite shield.
  6316 | D:5      | 6316 ||| READING scroll labelled PILANOI QONIE.
  6317 | D:5      | 6317 ||| DRINKING 2 bubbling golden potions.
  6318 | D:5      | 6318 ||| READING 2 scrolls of identify.
  6318 | D:5      | 6318 ||| IDENTIFYING fuming emerald potion
  6319 | D:5      | 6319 ||| DROPPING potion of attraction.
  6389 | D:6      | Reached skill level 1 in Shields
  6923 | D:6      | Reached skill level 3 in Shields
  7162 | D:6      | 7162 ||| UPGRADING to +0 cloak.
  7167 | D:6      | 7167 ||| READING scroll labelled OPHILO ZIOZOF.
  7170 | D:6      | 7170 ||| READING scroll labelled PYRYOCH WOGAA.
  7171 | D:6      | 7171 ||| READING 2 scrolls of identify.
  7171 | D:6      | 7171 ||| IDENTIFYING cyan potion
  7172 | D:6      | 7172 ||| DROPPING potion of flight.
  7195 | D:7      | Found Voijeosk's Armour Shop.
  7199 | D:7      | 7199 ||| SHOPLISTING +0 hat "Pacec" {Harm rElec Str+5
                  | Stlth-} (379 gold, have 270).
  7199 | D:7      | 7199 ||| SHOPLISTING +1 pair of gloves of Foleamu {rCorr
                  | Str+6} (485 gold, have 270).
  7271 | D:7      | Noticed Prince Ribbit
  7284 | D:7      | Killed Prince Ribbit
  7339 | D:7      | Noticed Pikel
  7343 | D:7      | 7343 ||| INVOKING Fiery Armour.
  7359 | D:7      | Killed Pikel
  7361 | D:7      | Reached skill level 6 in Shields
  7405 | D:7      | 7405 ||| Stepping ~*~*~tactically~*~*~ (stealth).
  7433 | D:7      | 7433 ||| Stepping ~*~*~tactically~*~*~ (stealth).
  7487 | D:7      | 7487 ||| Stepping ~*~*~tactically~*~*~ (stealth).
  7656 | D:7      | Found Yxzoit's Magic Scroll Shop.
  7659 | D:7      | 7659 ||| BUYING scroll of enchant weapon (105 gold).
  7659 | D:7      | Bought a scroll of enchant weapon for 105 gold pieces
  7659 | D:7      | 7659 ||| BUYING scroll of enchant weapon (105 gold).
  7659 | D:7      | Bought a scroll of enchant weapon for 105 gold pieces
  7659 | D:7      | 7659 ||| SHOPLISTING scroll of enchant weapon (105 gold,
                  | have 71).
  7659 | D:7      | 7659 ||| BUYING scroll of identify (28 gold).
  7659 | D:7      | Bought a scroll of identify for 28 gold pieces
  7659 | D:7      | 7659 ||| BUYING scroll of teleportation (42 gold).
  7659 | D:7      | Bought a scroll of teleportation for 42 gold pieces
  7659 | D:7      | 7659 ||| READING 2 scrolls of enchant weapon.
  7659 | D:7      | 7659 ||| ENCHANTING -1 vampiric hand axe.
  7660 | D:7      | 7660 ||| READING scroll of enchant weapon.
  7660 | D:7      | 7660 ||| ENCHANTING +0 vampiric hand axe.
  7908 | D:7      | 7908 ||| Stepping ~*~*~tactically~*~*~ (hiding).
  7926 | D:7      | 7926 ||| FLEEEEING.
  7927 | D:7      | 7927 ||| FLEEEEING.
  8094 | D:7      | 8094 ||| INVOKING Fiery Armour.
  8097 | D:7      | HP: 11/61 [wight/+1 battleaxe (7)]
  8098 | D:7      | 8098 ||| READING scroll of teleportation.
  8102 | D:7      | HP: 11/62 [wight/+2 great sword of freezing (1)]
  8374 | D:7      | Gained mutation: You have very sharp fingernails. [demonic
                  | ancestry]
  8374 | D:7      | Reached XP level 10. HP: 68/70 MP: 11/11
  8428 | D:7      | 8428 ||| READING scroll of enchant armour.
  8428 | D:7      | 8428 ||| ENCHANTING +0 pair of boots.
  8466 | D:7      | 8466 ||| SWAPPING to +4 war axe.
  8467 | D:7      | 8467 ||| DROPPING +1 vampiric hand axe.
  8468 | D:7      | 8468 ||| READING scroll of brand weapon.
  8468 | D:7      | 8468 ||| BRANDING +4 war axe.
  8910 | D:7      | 8910 ||| READING 2 scrolls of identify.
  8910 | D:7      | 8910 ||| IDENTIFYING fizzy cyan potion
  8911 | D:7      | 8911 ||| DROPPING potion of berserk rage.
  9063 | D:8      | 9063 ||| Stepping ~*~*~tactically~*~*~ (stealth).
  9072 | D:8      | 9072 ||| Stepping ~*~*~tactically~*~*~ (stealth).
  9073 | D:8      | 9073 ||| Stepping ~*~*~tactically~*~*~ (stealth).
  9079 | D:8      | 9079 ||| Stepping ~*~*~tactically~*~*~ (stealth).
  9089 | D:8      | 9089 ||| Stepping ~*~*~tactically~*~*~ (stealth).
  9090 | D:8      | 9090 ||| FLEEEEING.
  9091 | D:8      | 9091 ||| FLEEEEING.
  9092 | D:8      | 9092 ||| FLEEEEING.
  9093 | D:8      | 9093 ||| FLEEEEING.
  9094 | D:8      | 9094 ||| FLEEEEING.
  9131 | D:8      | 9131 ||| Stepping ~*~*~tactically~*~*~ (stealth).
  9132 | D:8      | 9132 ||| Stepping ~*~*~tactically~*~*~ (stealth).
  9152 | D:8      | 9152 ||| Stepping ~*~*~tactically~*~*~ (stealth).
  9154 | D:8      | 9154 ||| Stepping ~*~*~tactically~*~*~ (stealth).
  9172 | D:8      | 9172 ||| Stepping ~*~*~tactically~*~*~ (stealth).
  9189 | D:8      | 9189 ||| DROPPING +1 flail of protection.
  9194 | D:8      | 9194 ||| Stepping ~*~*~tactically~*~*~ (stealth).
  9198 | D:8      | 9198 ||| Stepping ~*~*~tactically~*~*~ (stealth).
  9206 | D:8      | 9206 ||| Stepping ~*~*~tactically~*~*~ (hiding).
  9306 | D:8      | Found a flagged portal.
  9321 | D:8      | Reached skill level 10 in Axes
  9326 | D:8      | Noticed a two-headed ogre
  9327 | D:8      | 9327 ||| FLEEEEING.
  9327 | D:8      | Found a staircase to the Lair.
  9329 | D:8      | 9329 ||| FLEEEEING.
  9330 | D:8      | 9330 ||| STAIRDANCE
  9485 | D:8      | 9485 ||| INVOKING Fiery Armour.
  9486 | D:8      | HP: 19/76 [two-headed ogre/+0 giant spiked club (12)]
  9487 | D:8      | Demolished by a two-headed ogre

Levels and vault maps discovered:
D:1:      minmay_arrival_four_circles, layout_loops_ring,
          shapermc_ecumenical_altar_rom_forum
D:2:      minmay_recursive_quarters, layout_basic, minmay_tree_intersection
D:3:      layout_basic
D:4:      layout_loops_cross, serial_bayou_pond_c, minmay_door_square,
          minmay_misc_feat_doors
D:5:      cheibrodos_fzero, layout_basic, minmay_temple_entry_junction_2,
          minmay_divided_ellipse, uniq_menkaure
D:6:      layout_loops_corners
D:7:      layout_gridville, serial_shops, kennysheep_mini,
          nicolae_shop_hallway_stairs, st_stairs_13, minmay_misc_feat_tower,
          uniq_prince_ribbit1, uniq_pikel
D:8:      layout_cave_pods, lair_entry_dummy, special_room [special_room_orc],
          enter_bailey_1, kennysheep_generic_room_15

Skill      XL: |  1  2  3  4  5  6  7  8  9 10 |
---------------+-------------------------------+-----
Axes           | 3 4 5 6 8 9 10 | 10.0
Armour         | 1 2 |  2.0
Dodging        | 1 2 |  2.2
Fighting       | 4 5 6 |  6.0
Throwing       | 3 |  3.1
Shields        | 6 7 |  7.0
Spellcasting   | |  1.0
Fire Magic     | |  2.6

Action                   |  1- 3 |  4- 6 |  7- 9 | 10-12 || total
-------------------------+-------+-------+-------+-------++-------
Melee: Hand axe          |   115 |   229 |   396 |       ||   740
       Punch             |       |     1 |     3 |       ||     4
       Kick              |       |    37 |       |       ||    37
       War axe           |       |       |       |    89 ||    89
Throw: Boomerang         |       |       |    53 |    14 ||    67
Invok: Fiery Armour      |     1 |     3 |     6 |     1 ||    11
  Use: Scroll            |     9 |     5 |     9 |     3 ||    26
       Potion            |     1 |     1 |     1 |       ||     3
Armor: Robe              |     8 |       |       |       ||     8
       Scale mail        |    57 |   108 |   207 |    19 ||   391
Dodge: Dodged            |    63 |   122 |   158 |    23 ||   366
Block: Kite shield       |       |       |    77 |    31 ||   108

Table legend:
 A = Non-vault XP
 B = Vault XP
 C = Vault XP percentage of total XP
 D = Non-vault monster count
 E = Vault monster count
 F = Vault count percentage of total count
                 A         B        C        D         E       F
            +---------+---------+-------+---------+---------+-------
      Total |    3257 |    3303 |  50.4 |     140 |      65 |  31.7
            +---------+---------+-------+---------+---------+-------
        D:1 |      40 |       0 |   0.0 |      19 |       0 |   0.0
        D:2 |      30 |      24 |  44.4 |       9 |       7 |  43.8
        D:3 |     104 |       0 |   0.0 |      20 |       0 |   0.0
        D:4 |     392 |     126 |  24.3 |      34 |       2 |   5.6
        D:5 |     455 |    1980 |  81.3 |      10 |      28 |  73.7
        D:6 |     617 |       0 |   0.0 |      11 |       0 |   0.0
        D:7 |    1138 |     921 |  44.7 |      29 |       3 |   9.4
        D:8 |     481 |     252 |  34.4 |       8 |      25 |  75.8
            +---------+---------+-------+---------+---------+-------
